 Dungeon Crawl Stone Soup version 0.22.0-5-gf09313c8f9 (webtiles) character file.

19866 Htamos the Blocker (level 12, -3/77 HPs)
             Began as a Gargoyle Fighter on Aug 14, 2018.
             Slain by a bog body (12 damage)
             ... on level 2 of the Lair of Beasts.
             The game lasted 00:31:53 (18082 turns).

Htamos the Blocker (Gargoyle Fighter)              Turns: 18082, Time: 00:31:54

Health: -3/77      AC: 27    Str: 23    XL:     12   Next: 73%
Magic:  12/12      EV:  7    Int:  9    God:
Gold:   831        SH: 13    Dex: 11    Spells: 11/11 levels left

rFire    . . .     SeeInvis .   U - +1 flail (holy)
rCold    . . .     Gourm    .   c - +0 shield
rNeg     + . .     Faith    .   L - +0 plate armour
rPois    ∞         Spirit   .   x - +0 helmet
rElec    +         Reflect  .   E - +0 cloak
rCorr    .         Harm     .   N - +0 pair of gloves
MR       .....                  (no boots)
Stlth    ..........             (no amulet)
HPRegen  0.22/turn              (no ring)
MPRegen  0.13/turn              (no ring)

@: slowed, very slow
A: negative energy resistance 1, electricity resistance, unbreathing,
petrification resistance, rot immunity, AC +8
a: no special abilities


You were on level 2 of the Lair of Beasts.
You were not hungry.

You visited 2 branches of the dungeon, and saw 13 of its levels.
You also visited: Sewer.

You collected 831 gold pieces.

Inventory:

Hand Weapons
 a - a +0 flail
 z - a +0 dire flail
 B - a +2 whip of freezing
 H - a +0 whip of venom
 R - a +0 whip of draining
 T - a +3 morningstar
 U - a +1 flail of holy wrath (weapon)
Missiles
 e - 459 stones
 w - 9 tomahawks
 I - 2 throwing nets (quivered)
Armour
 b - a +0 scale mail
 c - a +0 shield (worn)
 r - a +1 ring mail of magic resistance
 x - a +0 helmet (worn)
 y - the +3 ring mail "Josem" {rPois rF+ MR++ Int-3, unknown}
   (You found it on level 4 of the Dungeon)

   It affects your intelligence (-3).
   It protects you from fire.
   It protects you from poison.
   It affects your resistance to hostile enchantments.
 D - a +0 plate armour
 E - a +0 cloak (worn)
 L - a +0 plate armour (worn)
 N - a +0 pair of gloves (worn)
Jewellery
 p - an uncursed ring of see invisible {unknown}
Wands
 F - a wand of scattershot (2)
 G - a wand of random effects (61)
 J - a wand of flame (65)
 O - a wand of polymorph (11)
 Q - a wand of paralysis (6)
 V - a wand of disintegration (18)
 W - a wand of digging (28)
Scrolls
 g - 11 scrolls of identify {unknown}
 i - 2 scrolls of enchant armour {unknown}
 j - 3 scrolls of blinking {unknown}
 n - 4 scrolls of magic mapping {unknown}
 o - 2 scrolls of immolation {unknown}
 q - 4 scrolls of fear {unknown}
 s - 3 scrolls of teleportation {unknown}
 u - 2 scrolls of remove curse {unknown}
 C - a scroll of noise {unknown}
 P - 2 scrolls of vulnerability {unknown}
 X - a scroll of fog {unknown}
Potions
 d - 3 potions of might
 h - 5 potions of degeneration {unknown}
 k - a potion of haste {unknown}
 l - 7 potions of flight {unknown}
 m - 4 potions of heal wounds {unknown}
 t - 7 potions of curing {unknown}
 v - a potion of brilliance {unknown}
 A - 2 potions of magic {unknown}
 K - a potion of ambrosia {unknown}
 S - a potion of lignification {unknown}
 Y - a potion of cancellation {unknown}
Comestibles
 f - 19 rations


   Skills:
 + Level 9.9 Fighting
 * Level 11.9 Maces & Flails
 + Level 9.8 Armour
 - Level 2.5 Dodging
 * Level 12.9 Shields


You had 11 spell levels left.
You didn't know any spells.
Your spell library was empty.

Dungeon Overview and Level Annotations

Branches:
Dungeon (11/15)            Temple (0/1) D:5            Lair (2/6) D:8
  Snake (0/4) Lair:2          Orc (0/2) D:11
  Swamp: Lair:2-4    Shoals: Lair:2-4

Altars:
Ashenzari
Cheibriados
Elyvilon
Kikubaaqudgha
Makhleb
Nemelex Xobeh
Okawaru
Qazlal
Ru
Vehumet
The Shining One
Beogh

Shops:
D:7 %:}?%   D:11 :

Annotations:
D:4 1 runed door, Pisosu's ghost, amateur MiFi
D:10 3 runed doors, topfpfpflanze's ghost, novice DEFE


Innate Abilities, Weirdness & Mutations

You are resistant to torment.
Your stone body is resilient. (AC +8)
You are immune to poison.
You resist negative energy. (rN+)
You are resistant to electric shocks. (rElec)
You can survive without breathing.
You are immune to petrification.
You are immune to rotting.


Message History

The bog body points at you and mumbles some strange words.
The bolt of cold hits you!
* * * LOW HITPOINT WARNING * * *
You block the bog body's attack.
The bog body touches you but does no damage.
You sock the bog body!
The bog body convulses!
The bog body is almost destroyed.
You block the bog body's attack.
The bog body touches you but does no damage.
The bog body hits you but does no damage.
The bog body touches you but does no damage.
The bog body hits you.
* * * LOW HITPOINT WARNING * * *
The bog body touches you but does no damage.
You closely miss the bog body.
The bog body is almost destroyed.
You block the bog body's attack. x2
The bog body points at you and mumbles some strange words.
The bolt of cold hits you! The bog body hits you!
You die...

#...........♣♣♣. ≈♣♣..##...#.P...
...#........♣♣≈. ≈♣♣..#..#.......
P..#......P.♣♣≈. ≈♣♣...#.#.#.....
#...........♣♣≈.♣≈ ♣.......P.....
#.....>...#.♣♣≈..♣♣♣..÷P.#.......
#...........♣♣♣..≈♣♣..##.......#.
#....†.......♣≈..♣♣...##.....#...
#....P.......♣≈♣nn♣.P..#.........
#............♣≈.@≈♣....#.........
#............♣≈..≈♣...##.........
#....P.......♣♣..♣♣..........#.#.
..........#...♣..♣...........#.#.
P.........P...♣..♣....##.....#...
..÷..#.........⌠⌠.....#P.........
#.....................##P........
#..............................#.
..........P....................#.


You could see 2 bog bodies.

Vanquished Creatures
  A two-headed ogre (D:9)
  2 death yaks (D:8)
  An unseen horror (D:11)
  Pikel (D:5)
  An ugly thing (D:11)
  A cyclops (D:11)
  3 spiny frogs
  A rime drake (Lair:1)
  A troll (D:11)
  8 polar bears
  A hornet (D:10)
  3 blink frogs (Lair:2)
  3 bog bodies (Lair:2)
  4 hippogriffs
  15 yaks
  A vampire (D:11)
  3 hungry ghosts
  Menkaure (D:5)
  A water moccasin (Lair:1)
  5 porcupines
  A slave (D:5)
  7 black bears
  10 orc warriors
  6 sky beasts
  2 ice beasts
  4 ogres
  A phantom (D:11)
  3 necrophages
  3 wolves (Lair:1)
  5 centaurs
  3 crocodiles
  A big kobold (Sewer)
  8 bullfrogs
  5 scorpions
  10 wights
  16 killer bees
  3 howler monkeys
  3 bullfrog zombies
  4 crimson imps
  A centaur zombie (D:11)
  2 centaur skeletons
  4 hounds
  3 jellies
  5 orc priests
  Crazy Yiuf (D:7)
  2 bullfrog skeletons
  8 orc wizards
  2 iguanas
  10 worker ants
  A hell rat (D:8)
  Ijyb (D:4)
  2 hound zombies (D:5)
  A hound skeleton (D:4)
  8 gnolls
  8 adders
  A howler monkey skeleton (D:6)
  A river rat (D:8)
  4 shadow imps
  An ooze (D:1)
  An adder zombie (D:5)
  4 worms
  6 leopard geckos
  50 orcs
  3 ball pythons
  7 bats
  8 giant cockroaches
  9 goblins
  8 hobgoblins
  14 jackals
  9 quokkas
  A ball python skeleton (D:4)
  2 frilled lizards
  A jackal skeleton (D:5)
  11 kobolds
  A quokka zombie (D:6)
  11 rats
364 creatures vanquished.

Vanquished Creatures (others)
  A worker ant (D:5)
  3 fungi
4 creatures vanquished.

Grand Total: 368 creatures vanquished

Notes
Turn   | Place    | Note
-------+----------+-------------------------------------------
     0 | D:1      | Htamos the Gargoyle Fighter began the quest for the Orb.
     0 | D:1      | Reached XP level 1. HP: 14/14 MP: 1/1
   151 | D:1      | Reached XP level 2. HP: 18/19 MP: 2/2
   641 | D:1      | Reached XP level 3. HP: 23/23 MP: 3/3
  1564 | D:2      | Reached XP level 4. HP: 28/29 MP: 4/4
  1710 | D:3      | Reached skill level 4 in Shields
  1824 | D:3      | Found a glowing drain.
  1875 | Sewer    | Entered a sewer
  1948 | Sewer    | Noticed a big kobold
  2010 | Sewer    | Killed a big kobold
  2010 | Sewer    | Reached XP level 5. HP: 21/33 MP: 5/5
  2151 | Sewer    | Found a glowing silver altar of Zin.
  2402 | D:3      | Found a white marble altar of Elyvilon.
  2715 | D:4      | Reached XP level 6. HP: 36/39 MP: 6/6
  3088 | D:4      | Reached skill level 5 in Shields
  3264 | D:4      | Noticed Ijyb
  3293 | D:4      | Killed Ijyb
  3311 | D:4      | Reached skill level 1 in Dodging
  3345 | D:4      | Found a runed door.
  3348 | D:4      | Noticed Pisosu's ghost (amateur MiFi)
  3350 | D:4      | Got a fine ring mail
  3473 | D:4      | Reached XP level 7. HP: 42/44 MP: 7/7
  3562 | D:4      | Found a stormy altar of Qazlal.
  3981 | D:5      | Entered Level 5 of the Dungeon
  4125 | D:5      | Noticed Menkaure
  4143 | D:5      | Killed Menkaure
  4377 | D:5      | Reached skill level 5 in Fighting
  4651 | D:5      | Reached skill level 5 in Maces & Flails
  4651 | D:5      | Reached skill level 5 in Armour
  4953 | D:5      | Noticed Pikel
  4988 | D:5      | Killed Pikel
  4988 | D:5      | Reached skill level 6 in Shields
  4988 | D:5      | Reached XP level 8. HP: 22/50 MP: 8/8
  5166 | D:5      | Found a staircase to the Ecumenical Temple.
  5278 | D:5      | Found an iron altar of Okawaru.
  5707 | D:6      | Reached skill level 7 in Shields
  5828 | D:6      | Reached XP level 9. HP: 41/55 MP: 9/9
  6267 | D:5      | Found an iron altar of Okawaru.
  6521 | D:7      | Found Qaghumni's Book Emporium.
  6660 | D:7      | Found Heudd's Food Shop.
  6791 | D:7      | Found a snail-covered altar of Cheibriados.
  6795 | D:7      | Found an ancient bone altar of Kikubaaqudgha.
  6815 | D:7      | Reached skill level 8 in Shields
  6832 | D:7      | Found a shattered altar of Ashenzari.
  6833 | D:7      | Found Ereh's Gadget Shop.
  6902 | D:7      | Found Essoev's Magic Scroll Emporium.
  6969 | D:7      | Found a runed door.
  7326 | D:7      | Found a sacrificial altar of Ru.
  7398 | D:7      | Found Gengeomn's Food Shop.
  7725 | D:7      | Noticed Crazy Yiuf
  7745 | D:7      | Killed Crazy Yiuf
  7912 | D:8      | Found a radiant altar of Vehumet.
  7922 | D:8      | Found a sparkling altar of Nemelex Xobeh.
  8084 | D:8      | Noticed a death yak
  8103 | D:8      | Noticed a death yak
  8103 | D:8      | Noticed a death yak
  8853 | D:9      | Noticed a two-headed ogre
  8904 | D:9      | Killed a two-headed ogre
  8904 | D:9      | Reached skill level 9 in Shields
  8904 | D:9      | Reached XP level 10. HP: 57/63 MP: 10/10
  8977 | D:9      | Found a glowing golden altar of the Shining One.
  9629 | D:9      | Found a burning altar of Makhleb.
 10077 | D:10     | Entered Level 10 of the Dungeon
 10265 | D:10     | Reached skill level 10 in Shields
 10339 | D:10     | Noticed an ogre mage
 10340 | D:10     | Found a runed gate.
 10340 | D:10     | Found a runed gate.
 10340 | D:10     | Noticed topfpfpflanze's ghost (novice DEFE)
 10344 | D:10     | Noticed a two-headed ogre
 10520 | D:10     | Found a runed gate.
 10986 | D:10     | Reached XP level 11. HP: 68/68 MP: 11/11
 11328 | D:11     | Noticed a cyclops
 11353 | D:11     | Killed a cyclops
 11676 | D:11     | Killed an unseen horror
 11785 | D:11     | Reached skill level 10 in Maces & Flails
 12072 | D:11     | Reached skill level 11 in Shields
 12103 | D:11     | Noticed a cyan ugly thing
 12129 | D:11     | Killed a cyan ugly thing
 12300 | D:11     | Found a roughly hewn altar of Beogh.
 12300 | D:11     | Found a staircase to the Orcish Mines.
 13536 | D:11     | Found Ysileclogg's Book Shoppe.
 13812 | D:8      | Found a staircase to the Lair.
 14669 | D:8      | Killed a death yak
 14700 | D:8      | Killed a death yak
 15155 | Lair:1   | Entered Level 1 of the Lair of Beasts
 15283 | Lair:1   | Reached XP level 12. HP: 68/76 MP: 12/12
 15387 | Lair:1   | Reached skill level 12 in Shields
 17831 | Lair:2   | Found a staircase to the Snake Pit.
 18082 | Lair:2   | Slain by a bog body

Skill      XL: |  1  2  3  4  5  6  7  8  9 10 11 12 |
---------------+-------------------------------------+-----
Shields        | 4 5 6 7 9 10 11 12 | 12.9
Fighting       | 4 5 6 7 8 9 |  9.9
Armour         | 4 5 7 9 |  9.8
Maces & Flails | 3 4 5 6 8 9 10 11 | 11.9
Dodging        | 1 2 |  2.5

Action                   |  1- 3 |  4- 6 |  7- 9 | 10-12 || total
-------------------------+-------+-------+-------+-------++-------
Melee: Flail             |   173 |   278 |   186 |    11 ||   648
       Whip              |       |       |   362 |  1772 ||  2134
Throw: Stone             |     3 |       |       |       ||     3
       Throwing net      |       |       |     2 |       ||     2
Evoke: Wand              |       |       |     1 |     4 ||     5
 Stab: Paralysed         |       |       |     2 |     6 ||     8
  Eat: Chunk             |     2 |     8 |    15 |    33 ||    58
       Ration            |       |       |     1 |     3 ||     4
Armor: Scale mail        |    94 |   127 |   106 |       ||   327
       Plate armour      |       |       |   133 |   768 ||   901
Dodge: Dodged            |    67 |    77 |   108 |   270 ||   522
Block: Shield            |   106 |   154 |   286 |   793 ||  1339
